 Dungeon Crawl Stone Soup version 0.27.1-4-g1640c2035a (webtiles) character file.

Game seed: 6561078942765662578

159 styxcanada the Covert (level 5, -4/26 HPs)
             Began as a Spriggan Brigand on Nov 8, 2021.
             Killed from afar by a white imp (7 damage)
             ... with a puff of frost
             ... on level 3 of the Dungeon.
             The game lasted 00:09:29 (3367 turns).

styxcanada the Covert (Spriggan Brigand)            Turns: 3367, Time: 00:09:29

Health: -4/26      AC:  3    Str:  7    XL:     5   Next: 17%
Magic:  7/7        EV: 17    Int: 13    God:
Gold:   127        SH:  0    Dex: 17    Spells: 6/6 levels left

rFire    . . .     SeeInvis +   a - +2 dagger
rCold    . . .     Faith    .   (shield restricted)
rNeg     . . .     Spirit   .   b - +0 robe
rPois    .         Reflect  .   (helmet restricted)
rElec    .         Harm     .   c - +0 cloak
rCorr    .         Rampage  .   (gloves unavailable)
Will     .....                  (boots unavailable)
Stlth    ++++......             (no amulet)
HPRegen  0.08/turn              (no ring)
MPRegen  0.10/turn              (no ring)

@: very quick
A: very small, no large weapons, unfitting armour, see invisible, speed 3
a: no special abilities


You were on level 3 of the Dungeon.
You visited 1 branch of the dungeon, and saw 3 of its levels.

You collected 127 gold pieces.

Inventory:

Hand Weapons
 a - a +2 dagger (weapon)
Missiles
 d - a poisoned dart (quivered)
 e - a curare-tipped dart
 f - 112 stones
Armour
 b - a +0 robe (worn)
 c - a +0 cloak (worn)
Scrolls
 g - a scroll of summoning {unknown}
 l - a scroll of enchant weapon {unknown}
 m - a scroll of torment {unknown}
 o - 2 scrolls of teleportation {unknown}
 q - a scroll of immolation {unknown}
Potions
 j - a potion of heal wounds
 k - 3 potions of brilliance
 n - a potion of attraction {unknown}
 p - a potion of curing {unknown}


   Skills:
 * Level 2.1 Fighting
 + Level 2.9 Short Blades
 + Level 2.3 Throwing
 * Level 2.5 Dodging
 * Level 8.2 Stealth
 * Level 1.0 Spellcasting


You had 6 spell levels left.
You didn't know any spells.
Your spell library contained the following spells:

 Spells                   Type           Power      Damage    Failure   Level
 Ozocubu's Armour         Ice            0%         N/A       63%         3
 Ozocubu's Refrigeration  Ice            0%         4d5       100%        7


Dungeon Overview and Level Annotations

Branches:
Dungeon (3/15)

Altars:


Innate Abilities, Weirdness & Mutations

You are very small and have problems with some larger weapons.
You are too small for most types of armour.
You have supernaturally acute eyesight. (SInv)
You cover ground extremely quickly. (Speed+++)


Message History

You hit the bat but do no damage. The bat hits you but does no damage.
The bat closely misses you.
You hit the bat but do no damage. The bat misses you.
You see here a poisoned dart.
d - a poisoned dart The bat barely misses you.
You miss the bat. The bat hits you.
* * * LOW HITPOINT WARNING * * *
You closely miss the bat. The bat barely misses you. The bat misses you.
Unknown command.
You hit the bat.
You kill the bat!
d - 2 poisoned darts (gained 1)
d - 3 poisoned darts (gained 1)
A white imp is nearby!
Items here: ) [ ††.
An orc comes into view. It is wielding a +0 hand axe.
An orc comes into view. It is wielding a +0 whip.
Throw: 3 darts (poison)
Press: ? - help, Q - select action, (/) - cycle Shift-Dir - straight line, f - orc
Aim: an orc, wielding a +0 hand axe (62% to hit)
You throw a poisoned dart. The poisoned dart hits the orc.
The orc is poisoned.
Throw: 2 darts (poison)
Press: ? - help, Q - select action, (/) - cycle Shift-Dir - straight line, f/p - orc
Aim: an orc, wielding a +0 hand axe (poisoned, 62% to hit)
You throw a poisoned dart. The poisoned dart hits the orc.
The orc looks even sicker.
You kill the orc!
The white imp hits you.
* * * LOW HITPOINT WARNING * * *
The white imp freezes you.
* * * LOW HITPOINT WARNING * * *
Items here: ) [ ††.
You hit the white imp but do no damage.
The white imp hits you but does no damage.
You closely miss the white imp. You hit the white imp but do no damage.
The white imp gestures at you. The puff of frost hits you!
You die...

######## ##......##
##........# #### #.>........
.######## ...# #..........
........## #..###..........
...((.... #..##..........
........########).#..........
o......)....@5......5.......#
........#########.##........#
.######## #.#.........#
#.#........#P #.........##5
#####........#..P
#............#.P.
#..####.#.....#... #.#
#..#...#.P..


You could see a white imp.

Vanquished Creatures
  Natasha (D:2)
  6 adders
  A worm (D:2)
  A dart slug (D:1)
  2 orcs (D:3)
  11 endoplasms
  3 giant cockroaches (D:2)
  5 goblins
  6 hobgoblins
  7 jackals (D:1)
  5 kobolds
  2 quokkas
  6 ball pythons
  7 bats
  6 frilled lizards
  2 rats
71 creatures vanquished.

Vanquished Creatures (others)
  2 demonic plants (D:3)
2 creatures vanquished.

Grand Total: 73 creatures vanquished

Notes
Turn   | Place    | Note
-------+----------+-------------------------------------------
     0 | D:1      | styxcanada the Spriggan Brigand began the quest for the
                  | Orb.
     0 | D:1      | Reached XP level 1. HP: 10/10 MP: 2/2
    26 | D:1      | Reached skill level 6 in Stealth
   211 | D:1      | Reached XP level 2. HP: 7/15 MP: 3/3
   718 | D:1      | Reached skill level 7 in Stealth
  1046 | D:1      | Reached XP level 3. HP: 18/18 MP: 4/4
  1985 | D:2      | Reached XP level 4. HP: 10/23 MP: 5/5
  3175 | D:2      | Noticed Natasha
  3178 | D:2      | Killed Natasha
  3179 | D:2      | Reached skill level 8 in Stealth
  3179 | D:2      | Reached XP level 5. HP: 26/26 MP: 7/7
  3289 | D:3      | Reached skill level 1 in Spellcasting
  3298 | D:3      | Found a faded altar of an unknown god.
  3367 | D:3      | Killed from afar by a white imp

Illustrated notes

Levels and vault maps discovered:
D:1:      lightli_arrival_flooded_house, layout_basic, skrybe_limestone_x
D:2:      minmay_angry_zag, layout_loops_ring, minivault_5, uniq_natasha
D:3:      layout_rooms, trog_butcher_becter, shapermc_ecumenical_altar_gd,
          cheibrodos_sewer_entry_sluice

Skill      XL: |  1  2  3  4  5 |
---------------+----------------+-----
Stealth        | 6 7 8 |  8.2
Dodging        | 2 |  2.5
Fighting       | 2 |  2.1
Spellcasting   | 1 |  1.0
Short Blades   | |  2.9
Throwing       | |  2.3

Action                   |  1- 3 |  4- 6 || total
-------------------------+-------+-------++-------
Melee: Dagger            |   130 |    94 ||   224
Throw: Dart              |    17 |    13 ||    30
  Use: Scroll            |       |     4 ||     4
 Stab: Sleeping          |    13 |     7 ||    20
Armor: Robe              |    22 |    12 ||    34
Dodge: Dodged            |    88 |    64 ||   152
